Map: Blackpink РВ

Players

crisve

  • Race: Zerg Zerg
  • Spawn Location: 7:00

Michael - Winner!

  • Race: Protoss Protoss
  • League: Gold
  • Spawn Location: 1:00

VOD

Have the link to the VOD?

Description

Time

  • Played on: Dec. 1, 2017, 4:35 p.m.
  • Length: 32:59
Show
View Real Time Build Order
Export as new Build Order

crisve Zerg 

Build Orders: Mass Air, Pool First 

Get SALT Encoding   

  12  0:01  Drone  
  13  0:08  Drone  
  14  0:14  Extractor  
  14  0:18  Extractor  
  12  0:23  Drone x2  
  16  0:41  Spawning Pool  
  15  0:44  Overlord  
  15  0:59  Evolution Chamber  
  14  1:08  Drone  
  14  1:09  Drone x2  
  17  1:15  Extractor  
  17  1:18  Extractor  
  15  1:21  Drone  
  16  1:29  Queen  
  18  1:40  Drone  
  19  1:49  Zergling x2  
  20  1:59  Zergling x2  
  21  2:05  Metabolic Boost  
  21  2:22  Lair  
  21  2:25  Hatchery  
  20  2:33  Overlord  
  20  2:41  Drone x2  
  22  2:53  Drone  
  22  2:54  Drone  
  22  2:55  Zergling x2  
  25  3:20  Queen  
  27  3:28  Drone, Spire  
  27  3:32  Drone  
  28  3:40  Overseer  
  28  3:44  Drone x2  
  30  3:48  Drone  
  31  3:58  Drone x3  
  34  4:16  Extractor  
  33  4:18  Drone, Extractor  
  33  4:19  Drone x3  
  36  4:27  Overseer  
  36  4:38  Infestation Pit  
  36  4:43  Zerg Flyer Weapons Level 1  
  35  4:46  Overlord  
  35  4:51  Drone  
  36  5:04  Drone  
  36  5:05  Drone x6  
  43  5:16  Hive  
  43  5:35  Overlord x2  
  43  5:36  Hatchery  
  42  5:53  Mutalisk x4  
  42  5:56  Drone  
  51  6:38  Greater Spire  
  51  6:44  Queen  
  51  6:46  Corruptor x3  
  55  6:51  Overlord  
  56  7:00  Spore Crawler  
  53  7:03  Spore Crawler  
  53  7:05  Spore Crawler  
  51  7:09  Corruptor  
  51  7:11  Spore Crawler  
  52  7:45  Drone x3  
  55  7:55  Overseer  
  55  8:03  Corruptor  
  55  8:04  Corruptor x3  
  63  8:10  Zerg Flyer Armor Level 1  
  63  8:17  Extractor  
  62  8:20  Extractor  
  62  8:21  Drone x5  
  62  8:22  Drone  
  62  8:24  Drone  
  68  8:33  Overseer  
  68  8:52  Corruptor  
  68  8:53  Corruptor x2  
  74  8:56  Overlord  
  74  8:57  Overlord  
  74  9:07  Overlord  
  74  9:08  Overlord  
  74  9:30  Hatchery  
  73  9:32  Drone x3  
  73  9:33  Corruptor  
  78  9:39  Drone x2  
  80  9:51  Drone  
  80  9:52  Drone x5  
  86  10:16  Brood Lord x4  
  94  10:49  Queen  
  96  10:50  Corruptor x4  
  96  10:51  Corruptor  
  106  11:06  Brood Lord x3  
  112  11:14  Overlord x2  
  112  11:26  Overlord x3  
  112  11:35  Drone x3  
  112  11:36  Drone  
  116  11:42  Brood Lord  
  118  11:52  Extractor x2  
  116  11:59  Drone x4  
  116  12:00  Drone x4  
  124  12:02  Corruptor  
  126  12:10  Brood Lord  
  128  12:44  Corruptor  
  128  12:45  Corruptor x6  
  128  12:50  Brood Lord x2  
  146  13:00  Zerg Flyer Weapons Level 2  
  112  14:22  Corruptor x6  
  112  14:23  Corruptor x4  
  132  14:30  Brood Lord  
  118  15:14  Corruptor  
  118  15:15  Corruptor x5  
  118  15:32  Brood Lord  
  114  15:59  Brood Lord x2  
  114  16:02  Corruptor  
  120  16:25  Brood Lord x2  
  124  16:34  Hatchery  
  123  17:12  Brood Lord x5  
  133  17:15  Corruptor  
  117  18:11  Corruptor  
  117  18:12  Corruptor x6  
  111  18:13  Corruptor x2  
  117  18:38  Corruptor x4  
  117  18:54  Corruptor x3  
  111  19:08  Corruptor  
  111  19:09  Corruptor  
  115  19:15  Queen  
  117  19:24  Drone x4, Overlord x2  
  119  19:25  Corruptor, Overlord x8  
  119  19:29  Brood Lord  
  119  19:30  Brood Lord  
  125  19:40  Extractor  
  120  20:12  Extractor  
  121  20:14  Brood Lord x4  
  121  20:16  Corruptor  
  129  20:27  Drone x4  
  129  20:28  Drone x5  
  138  20:29  Drone x2  
  138  20:30  Corruptor x2  
  138  20:31  Corruptor  
  146  20:47  Brood Lord x2  
  150  20:51  Extractor  
  150  20:52  Hatchery  
  150  20:55  Extractor  
  147  21:01  Overseer x4  
  123  21:26  Corruptor  
  123  21:27  Corruptor x3  
  129  21:47  Corruptor x3  
  127  22:35  Corruptor  
  127  22:36  Corruptor x5  
  139  22:47  Brood Lord  
  141  23:03  Hatchery  
  136  23:33  Corruptor  
  136  23:34  Corruptor x3  
  144  24:28  Brood Lord x3  
  150  25:02  Corruptor x3  
  142  25:52  Zergling x2  
  142  25:53  Zergling x22  
  122  27:13  Spawning Pool  
  118  27:16  Hatchery  
  109  27:49  Overlord x3  
  104  28:27  Overlord x5  
  104  28:29  Drone  
  105  28:54  Drone  
  105  28:55  Drone  
  106  31:17  Spawning Pool  
  101  31:43  Drone x3  
  101  31:49  Spawning Pool  
Show
View Real Time Build Order
Export as new Build Order

Michael Protoss - Winner!

Build Orders:  

Get SALT Encoding   

  12  0:00  Probe (Chrono Boost)  
  13  0:11  Probe (Chrono Boost)  
  14  0:17  Probe  
  15  0:25  Pylon  
  15  0:42  Pylon  
  15  0:43  Probe  
  15  0:47  Gateway  
  16  0:55  Probe  
  17  1:07  Probe  
  17  1:09  Gateway  
  18  1:17  Forge  
  18  1:20  Probe (Chrono Boost)  
  18  1:23  Assimilator  
  19  1:32  Probe (Chrono Boost)  
  20  1:40  Cybernetics Core, Zealot  
  22  1:53  Assimilator  
  22  2:02  Probe  
  23  2:09  Gateway  
  23  2:14  Photon Cannon, Probe (Chrono Boost)  
  25  2:26  Probe (Chrono Boost)  
  25  2:28  Probe  
  26  2:36  Twilight Council  
  26  2:40  Pylon  
  26  2:47  Stalker  
  28  2:53  Probe  
  29  3:03  Photon Cannon  
  29  3:07  Probe  
  30  3:19  Probe  
  31  3:22  Stargate  
  31  3:32  Pylon  
  31  3:34  Shield Battery  
  31  3:40  Warp Gate (Chrono Boost)  
  31  3:45  Probe  
  32  3:49  Stalker  
  34  3:57  Probe  
  34  4:01  Templar Archives  
  35  4:11  Probe  
  35  4:16  Assimilator  
  36  4:23  Probe (Chrono Boost)  
  38  4:33  Probe (Chrono Boost)  
  38  4:38  Nexus  
  38  4:41  High Templar  
  38  4:43  Psionic Storm  
  40  4:46  Probe  
  41  5:07  Assimilator  
  41  5:10  Probe  
  42  5:14  Zealot  
  47  5:41  Pylon, Oracle  
  47  5:48  Photon Cannon  
  47  5:50  Probe  
  47  5:56  Pylon  
  48  5:58  Probe  
  48  6:02  Probe  
  50  6:06  High Templar  
  50  6:09  Sentry  
  50  6:10  Probe  
  55  6:22  Probe  
  56  6:30  Stargate  
  56  6:44  Gateway  
  56  6:45  Pylon  
  56  6:46  Photon Cannon  
  53  7:08  High Templar  
  53  7:13  Probe (Chrono Boost)  
  56  7:33  Dark Shrine  
  56  7:38  Protoss Ground Weapons Level 1  
  56  7:39  Protoss Air Weapons Level 1  
  56  7:48  Cybernetics Core  
  56  7:49  Forge  
  56  7:54  Nexus  
  56  8:09  Pylon  
  56  8:11  Pylon  
  56  8:12  Pylon  
  56  8:14  Pylon  
  56  8:15  Pylon  
  56  8:18  Probe (Chrono Boost), Assimilator  
  57  8:22  Void Ray x2  
  57  8:23  Assimilator  
  66  8:29  Fleet Beacon, Probe (Chrono Boost)  
  66  8:32  Probe  
  67  8:38  Photon Cannon  
  67  8:39  Photon Cannon  
  67  8:42  Photon Cannon  
  67  8:44  Probe  
  67  8:45  Probe  
  69  8:56  High Templar, Probe  
  69  8:57  High Templar  
  69  9:01  Dark Templar  
  76  9:09  Probe (Chrono Boost)  
  78  9:20  Probe (Chrono Boost)  
  78  9:23  Probe  
  78  9:24  Stargate  
  79  9:27  Graviton Catapult  
  79  9:35  Probe  
  80  9:40  Photon Cannon  
  80  9:43  Pylon  
  80  9:44  Photon Cannon, Stalker x2  
  84  9:51  High Templar  
  85  10:03  High Templar  
  87  10:20  Phoenix (Chrono Boost)  
  87  10:21  Phoenix (Chrono Boost)  
  91  10:22  Photon Cannon x2  
  91  10:24  Photon Cannon, Phoenix (Chrono Boost)  
  91  10:25  Pylon  
  93  10:33  High Templar  
  95  10:35  Stalker  
  95  10:41  Probe (Chrono Boost)  
  98  10:42  Pylon  
  99  10:52  Probe (Chrono Boost)  
  99  10:55  Probe  
  100  11:10  Photon Cannon  
  100  11:12  Photon Cannon  
  100  11:13  Photon Cannon, Phoenix x2  
  100  11:15  Photon Cannon  
  104  11:19  Protoss Ground Armor Level 1 (Chrono Boost)  
  104  11:21  Protoss Shields Level 1 (Chrono Boost)  
  104  11:25  Pylon  
  104  11:27  Pylon  
  104  11:30  Probe  
  104  11:32  Pylon  
  105  11:41  Protoss Air Armor Level 1  
  105  11:42  Probe  
  105  11:45  Protoss Air Weapons Level 2  
  106  11:49  Gateway  
  106  11:51  Gateway  
  106  12:10  Photon Cannon  
  106  12:12  Photon Cannon  
  106  12:13  Stalker  
  106  12:14  Stalker  
  110  12:16  Stalker  
  110  12:20  Probe (Chrono Boost)  
  114  12:30  Probe (Chrono Boost)  
  114  12:31  Photon Cannon  
  114  12:34  Probe (Chrono Boost)  
  114  12:36  Shield Battery  
  115  12:40  Shield Battery  
  116  12:44  Probe (Chrono Boost)  
  116  12:48  Carrier  
  116  12:49  Stalker  
  118  12:56  Nexus  
  124  13:09  Carrier  
  130  13:12  Protoss Ground Weapons Level 2 (Chrono Boost)  
  130  13:14  Assimilator  
  130  13:19  Stalker, Assimilator  
  132  13:23  Pylon  
  132  13:30  Stalker  
  116  14:01  Stalker  
  116  14:02  Stalker x4  
  114  14:03  Stalker  
  88  14:19  Carrier (Chrono Boost)  
  86  14:27  Stalker  
  86  14:28  Stalker  
  86  14:29  High Templar, Stalker  
  86  14:30  High Templar  
  90  14:36  Stalker  
  76  14:50  Phoenix x2 (Chrono Boost)  
  72  15:00  Pylon  
  72  15:01  Pylon, Stalker  
  72  15:03  Stalker x2  
  72  15:04  Stalker  
  72  15:05  Phoenix  
  82  15:10  Phoenix, Probe  
  83  15:16  Probe  
  76  15:22  Probe  
  76  15:23  Stalker x3  
  81  15:28  Probe  
  81  15:34  Probe  
  83  15:40  Probe  
  84  15:46  Probe  
  81  15:53  Probe, Carrier x2  
  81  15:56  Stalker  
  86  15:57  Stalker  
  86  15:58  High Templar, Probe  
  86  15:59  High Templar  
  86  16:00  High Templar  
  95  16:05  Pylon, Probe, Carrier  
  95  16:06  Pylon  
  102  16:17  Probe  
  102  16:18  Photon Cannon  
  103  16:19  Photon Cannon  
  103  16:20  Photon Cannon  
  103  16:21  Photon Cannon  
  103  16:30  Dark Templar x2  
  103  16:31  Dark Templar  
  109  16:33  Probe (Chrono Boost)  
  111  16:43  Probe (Chrono Boost)  
  110  16:47  Probe, Dark Templar  
  110  16:48  Dark Templar x2  
  106  17:07  High Templar  
  106  17:08  High Templar x2  
  103  17:14  Pylon  
  94  17:19  Carrier (Chrono Boost)  
  94  17:21  Stalker  
  94  17:22  Stalker  
  100  17:28  Pylon  
  90  17:47  Stalker x5  
  76  18:13  Carrier (Chrono Boost)  
  76  18:15  Stalker x2  
  76  18:16  Stalker  
  84  18:41  Nexus  
  84  18:54  Stalker  
  84  19:07  Assimilator  
  84  19:10  Probe (Chrono Boost)  
  86  19:21  Probe x2 (Chrono Boost)  
  86  19:22  Probe  
  88  19:24  Probe  
  88  19:29  Probe  
  88  19:30  Stalker x2  
  88  19:31  Stalker x2  
  96  19:35  Probe  
  96  19:36  Probe  
  100  19:46  Dark Templar  
  100  19:49  Probe  
  103  19:53  Probe  
  104  20:02  Protoss Shields Level 2  
  104  20:03  Protoss Air Armor Level 2  
  104  20:05  Probe  
  104  20:06  Stargate x2  
  105  20:17  Probe  
  106  20:29  Probe  
  107  20:37  Assimilator  
  107  20:41  Probe  
  108  20:47  Gateway x2  
  108  20:54  Probe  
  109  20:59  Carrier x3  
  127  21:06  Probe (Chrono Boost)  
  127  21:07  Assimilator  
  128  21:17  Probe (Chrono Boost)  
  129  21:20  Probe  
  130  21:32  Probe  
  129  21:44  Carrier  
  123  21:57  Cybernetics Core  
  111  22:18  Protoss Ground Armor Level 2  
  95  22:30  Pylon  
  95  22:32  Pylon  
  95  22:35  Pylon  
  95  22:42  Gateway  
  95  22:43  Gateway  
  95  22:48  Stalker  
  95  22:49  Stalker x4  
  105  23:00  Shield Battery  
  105  23:01  Shield Battery  
  105  23:02  Nexus  
  105  23:03  Shield Battery  
  105  23:04  Shield Battery  
  105  23:06  Shield Battery  
  105  23:07  Carrier x2  
  105  23:08  Carrier  
  123  23:17  Stargate x2  
  111  23:23  Stalker x2  
  99  23:33  Dark Templar  
  95  23:45  Carrier  
  86  23:57  Pylon  
  83  24:05  Phoenix x2  
  87  24:12  Nexus  
  87  24:16  Stalker x2  
  88  24:17  Stalker  
  88  24:21  Zealot  
  88  24:22  Zealot x3  
  98  24:27  Assimilator  
  98  24:30  Assimilator  
  97  24:40  Zealot x3  
  98  24:50  Assimilator  
  98  24:52  Assimilator  
  89  24:58  Pylon  
  80  25:00  Pylon  
  80  25:03  Pylon  
  80  25:05  Pylon  
  80  25:13  Zealot x4  
  80  25:14  Zealot x3  
  94  25:23  Carrier  
  100  25:45  Probe  
  101  25:52  Nexus  
  101  25:57  Probe  
  101  26:09  Probe  
  102  26:21  Probe  
  103  26:28  Zealot, Nexus  
  103  26:29  Zealot  
  107  26:37  Pylon  
  107  26:39  Pylon  
  107  26:41  Pylon, Carrier x2  
  119  27:04  Photon Cannon  
  119  27:06  Photon Cannon  
  119  27:07  Probe  
  120  27:09  Photon Cannon  
  120  27:10  Photon Cannon  
  120  27:13  Assimilator  
  120  27:19  Probe  
  105  27:29  Zealot x2  
  97  27:31  Probe  
  94  27:51  Zealot  
  94  27:52  Zealot  
  94  27:54  Carrier  
  94  27:57  Probe (Chrono Boost)  
  85  28:10  Probe (Chrono Boost)  
  85  28:11  Probe (Chrono Boost)  
  79  28:15  Probe x2 (Chrono Boost)  
  79  28:18  Probe (Chrono Boost)  
  80  28:23  Zealot x2  
  80  28:28  Probe x2 (Chrono Boost)  
  80  28:32  Probe  
  81  28:35  Probe  
  78  28:45  Probe x2  
  78  28:47  Probe  
  74  28:49  Assimilator  
  68  28:57  Gateway  
  68  28:58  Probe (Chrono Boost)  
  68  28:59  Probe (Chrono Boost)  
  68  29:00  Phoenix, Gateway  
  70  29:08  Pylon  
  70  29:11  Probe (Chrono Boost)  
  72  29:17  Probe x3 (Chrono Boost)  
  72  29:19  Stalker x2  
  76  29:26  Probe  
  80  29:31  Protoss Ground Weapons Level 3  
  80  29:38  Probe  
  72  29:50  Probe (Chrono Boost)  
  73  29:55  Stalker x2  
  77  30:02  Probe (Chrono Boost)  
  80  30:12  Probe (Chrono Boost)  
  82  30:15  Pylon  
  82  30:16  Probe x4 (Chrono Boost)  
  82  30:19  Pylon  
  82  30:20  Probe  
  84  30:25  Probe  
  84  30:28  Probe, Zealot x2  
  90  30:32  Probe  
  97  30:46  Carrier (Chrono Boost)  
  97  30:49  Probe  
  98  31:01  Probe  
  99  31:07  Fleet Beacon  
  99  31:09  Pylon  
  99  31:11  Carrier  
  99  31:13  Gateway  
  99  31:15  Gateway  
  99  31:17  Pylon, Gateway  
  105  31:22  Gateway  
  99  31:49  Stargate, Probe  
  99  31:50  Stargate  
  98  32:13  Probe  
  99  32:24  Pylon  
  99  32:25  Pylon  
  99  32:43  Pylon  
  99  32:47  Pylon  
  99  32:49  Photon Cannon  
  98  32:57  Pylon  
Tags
 
Build Order
Mass Air
League
Gold
Opening
Pool First
Spawn Locations
Cross Positions
Add a new tag
Caveats
  • Supply blocks, unpowered buildings, or Contaminate may cause inaccurate times.
  • Supply counts are checked every 10 seconds.